 Dungeon Crawl Stone Soup version 0.17-a0-1481-gfdcec5c (webtiles) character file.

940 amnekian the Slasher (level 8, 0/56 HPs)
             Began as a Human Skald on July 4, 2015.
             Was a Believer of Yredelemnul.
             Slain by an iguana (10 damage)
             ... on level 5 of the Dungeon.
             The game lasted 00:32:08 (7502 turns).

amnekian the Slasher (Human Skald)                  Turns: 7502, Time: 00:32:08

Health: 0/56       AC:  8    Str: 12    XL:     8   Next: 34%
Magic:  10/11      EV: 10    Int: 14    God:    Yredelemnul [**....]
Gold:   179        SH:  0    Dex: 14    Spells: 3 memorised, 5 levels left

rFire  . . .     SeeInvis .     a - +1 falchion
rCold  . . .     Clarity  .     F - +0 ring mail
rNeg   . . .     SustAt   .     (no shield)
rPois  .         Gourm    .     (no helmet)
rElec  .         Spirit   .     (no cloak)
rCorr  .         Warding  .     (no gloves)
rMut   .         Stasis   .     v - +2 pair of boots
MR     .....                    (no amulet)
Stlth  +.........               (no ring)
                                (no ring)

@: infused, not resistant to hostile enchantments, very unstealthy
A: no striking features
a: Animate Remains, Recall Undead Slaves, Injury Mirror, Renounce Religion


You were on level 5 of the Dungeon.
You worshipped Yredelemnul.
Yredelemnul was pleased with you.
You were not hungry.

You visited 2 branches of the dungeon, and saw 6 of its levels.

You collected 179 gold pieces.

Inventory:

Hand weapons
 a - a +1 falchion (weapon)
 b - a +0 hunting sling of flaming
Missiles
 h - 63 arrows
 l - 163 stones (quivered)
 p - 20 poisoned needles
 t - 32 sling bullets
 y - 9 arrows of dispersal
Armour
 f - a +0 shield
 g - a +0 leather armour
 v - a +2 pair of boots (worn)
 E - a +0 chain mail
 F - a +0 ring mail (worn)
Jewellery
 e - an uncursed ring of poison resistance {unknown}
 m - an uncursed ring of ice {unknown}
 o - an uncursed amulet of clarity {unknown}
Magical devices
 s - a wand of flame (13)
 C - a wand of digging (18)
Scrolls
 j - a scroll of enchant armour
 r - a scroll of fear
 x - a scroll of magic mapping
Potions
 i - a potion of resistance
 k - 2 potions of brilliance
 q - 2 potions of haste
 u - a potion of curing {unknown}
 w - a potion of lignification
 A - 2 potions of heal wounds
Books
 c - a book of Battle

   Spells                             Type                      Level
   a - Infusion                       Charms                       1
   b - Shroud of Golubria             Charms/Translocation         2
   c - Song of Slaying                Charms                       2
   d - Spectral Weapon                Hexes/Charms                 3
   e - Regeneration                   Charms/Necromancy            3
Comestibles
 d - 6 bread rations
 n - 2 chunks of flesh
 B - 3 fruits


   Skills:
 - Level 2.0 Fighting
 * Level 7.7 Long Blades
 - Level 1.0 Armour
 - Level 1.0 Dodging
 - Level 1.0 Stealth
 - Level 2.0 Spellcasting
 - Level 3.8 Charms
 - Level 4.0 Necromancy


You had 5 spell levels left.
You knew the following spells:

 Your Spells              Type           Power        Failure   Level  Hunger
a - Infusion              Chrm           ##....       14%         1    ##.....
b - Regeneration          Chrm/Necr      ##........   38%         3    ####...
c - Song of Slaying       Chrm           ##......     21%         2    ###....


Dungeon Overview and Level Annotations

Branches:
Dungeon (5/15)             Temple (1/1) D:4

Altars:
Ashenzari
Cheibriados
Dithmenos
Elyvilon
Fedhas
Gozag
Makhleb
Nemelex Xobeh
Okawaru
Qazlal
Ru
Sif Muna
Vehumet
Yredelemnul
The Shining One


Message History

Your +0 hunting sling of flaming stops flaming.
a - a +1 falchion (weapon)
You closely miss the iguana. The iguana barely misses you.
You hit the iguana but do no damage. The iguana bites you!
* * * LOW HITPOINT WARNING * * *
You hit the iguana.
The iguana is lightly wounded.
The iguana misses you.
You hit the iguana.
The iguana is moderately wounded.
The iguana closely misses you.
You hit the iguana.
The iguana is heavily wounded.
The iguana bites you!
* * * LOW HITPOINT WARNING * * *
You barely miss the iguana.
The iguana is heavily wounded.
The iguana bites you!
You die...
Your body rises from the dead as a mindless zombie.

..............#
.###........#.#
.###.....##.#.##
.##....####....##
##.###..##......###
..)# #.....#......#
.#.###..##......#.#
.......###.....##.#
.####### #†.#...@.#
## #..#####l# #
#..# .# ########..#
(# #.....##..# .#
#.....##..# .#
#.........# .#
#.....##.## .#
###.....# #


You could see an iguana.

Vanquished Creatures
  Menkaure (D:5)
  An ice beast (D:5)
  A phantom (D:4)
  A crimson imp (D:5)
  A hound (D:4)
  2 jellies (D:5)
  3 orc wizards
  A giant frog zombie (D:5)
  A giant frog skeleton (D:4)
  4 worker ants (D:4)
  14 adders
  3 gnolls (D:4)
  An ooze (D:4)
  A worm (D:2)
  An adder skeleton (D:4)
  17 orcs
  3 ball pythons
  5 giant cockroaches
  7 goblins
  14 hobgoblins
  14 kobolds
  9 bats
  5 giant newts
  4 jackals
  A quokka (D:4)
  9 rats
  2 butterflies (D:4)
126 creatures vanquished.

Vanquished Creatures (collateral kills)
  A worm (D:4)
  A giant gecko (D:5)
  A jackal (D:5)
  A goblin (D:4)
  A kobold (D:5)
  A butterfly (D:4)
6 creatures vanquished.

Vanquished Creatures (others)
  2 adder skeletons
  A ball python skeleton (D:3)
  A giant newt skeleton (D:3)
  A goblin skeleton (D:5)
  A kobold zombie (D:4)
  2 orc skeletons (D:4)
  An orc zombie (D:4)
  A rat skeleton (D:5)
10 creatures vanquished.

Grand Total: 142 creatures vanquished

Notes
Turn   | Place    | Note
--------------------------------------------------------------
     0 | D:1      | amnekian the Human Skald began the quest for the Orb.
     0 | D:1      | Reached XP level 1. HP: 16/16 MP: 3/3
   340 | D:1      | Reached XP level 2. HP: 17/22 MP: 5/5
   783 | D:1      | Reached skill level 1 in Stealth
  1258 | D:2      | Reached XP level 3. HP: 20/27 MP: 1/6
  1431 | D:1      | Learned a level 3 spell: Regeneration
  1574 | D:2      | Found a basalt altar of Yredelemnul.
  1575 | D:2      | Found a shadowy altar of Dithmenos.
  1590 | D:2      | Became a worshipper of Yredelemnul the Dark
  2031 | D:2      | Found an iron altar of Okawaru.
  2105 | D:2      | Reached XP level 4. HP: 31/33 MP: 3/7
  2181 | D:2      | Reached skill level 4 in Long Blades
  2750 | D:3      | Reached XP level 5. HP: 38/38 MP: 5/8
  2761 | D:3      | Acquired Yredelemnul's first power
  3387 | D:4      | Reached skill level 5 in Long Blades
  3608 | D:4      | Reached XP level 6. HP: 6/44 MP: 4/9
  4111 | D:4      | Reached skill level 6 in Long Blades
  4469 | D:4      | Noticed a phantom
  4755 | D:3      | Learned a level 2 spell: Song of Slaying
  4903 | D:4      | Acquired Yredelemnul's second power
  5121 | D:4      | Reached skill level 1 in Necromancy
  5121 | D:4      | Reached XP level 7. HP: 37/50 MP: 7/10
  5698 | D:4      | Found a staircase to the Ecumenical Temple.
  5705 | Temple   | Entered the Ecumenical Temple
  5816 | D:5      | Entered Level 5 of the Dungeon
  6090 | D:4      | Killed a phantom
  7301 | D:5      | Reached skill level 7 in Long Blades
  7301 | D:5      | Reached XP level 8. HP: 40/56 MP: 4/11
  7437 | D:5      | Noticed Menkaure
  7444 | D:5      | Killed Menkaure
  7502 | D:5      | Slain by an iguana

Vault maps used:
D:1:      dpeg_arrival_boxorama, serial_forest, infiniplex_forest_clump_long,
          infiniplex_forest_lined_3, infiniplex_forest_clump_double,
          infiniplex_forest_straight_3, infiniplex_forest_straight_2,
          infiniplex_forest_lined_2, infiniplex_forest_end_double
D:2:      gammafunk_temple_overflow_pools, old_standard_altar, first_bread,
          kennysheep_generic_room_3
D:4:      minmay_temple_entry_butterflies
D:5:      uniq_menkaure
Temple:   circular_temple_12

Action                   |  1- 3 |  4- 6 |  7- 9 || total
-------------------------+-------+-------+-------++-------
Melee: Falchion          |   108 |   231 |   223 ||   562
 Fire: Hunting sling     |       |    20 |     7 ||    27
Throw: Stone             |     1 |     1 |       ||     2
 Cast: Infusion          |     4 |    13 |    12 ||    29
       Song of Slaying   |       |     1 |     1 ||     2
       Regeneration      |       |       |     3 ||     3
Invok: Animate Remains   |       |     8 |     4 ||    12
       Injury Mirror     |       |       |     1 ||     1
  Use: Potion            |       |     2 |     2 ||     4
       Scroll            |       |    10 |     3 ||    13
 Stab: Sleeping          |       |     3 |       ||     3
  Eat: Chunk             |     3 |    12 |     8 ||    23
       Beef jerky        |       |       |     1 ||     1
